 Dungeon Sprint DCSS version 0.17-a0-2115-g0d8b93e (webtiles) character file.

292 Ordine the Bludgeoner (level 8, -9/76 HPs)
             Began as a Minotaur Fighter on Oct 20, 2015.
             Was a High Priest of Makhleb.
             Mangled by the 27-headed Lernaean hydra (15 damage)
             ... in the Dungeon (Sprint VI: "Thunderdome").
             The game lasted 00:13:08 (643 turns).

Ordine the Bludgeoner (Minotaur Fighter)             Turns: 643, Time: 00:13:08

Health: -9/76      AC:  7    Str: 19    XL:     8   Next: 27%
Magic:  7/7        EV:  7    Int:  7    God:    Makhleb [*****.]
Gold:   15         SH: 10    Dex: 20    Spells: 0 memorised, 7 levels left

rFire  + + .     SeeInvis +     a - +0 flail
rCold  + . .     Clarity  .     b - +0 scale mail
rNeg   . . .     SustAt   .     c - +0 shield
rPois  .         Gourm    .     (helmet restricted)
rElec  .         Spirit   .     (no cloak)
rCorr  +         Warding  .     (no gloves)
rMut   .         NoTele   +     (no boots)
MR     .....                    u - amulet of Azase {rCorr *Contam Dex+3 SInv}
Stlth  ..........               t - ring of Suspicion {rC+ Dex+5}
                                w - ring "Wiejikh" {rF++ Str-2 Int+2 Slay+5 Stlth-}

@: very slightly contaminated, not resistant to hostile enchantments, extremely
unstealthy
A: retaliatory headbutt, horns 2, frail 1
a: Minor Destruction, Lesser Servant of Makhleb, Major Destruction, Greater
Servant of Makhleb, Renounce Religion


You were in the Dungeon.
You worshipped Makhleb.
Makhleb was extremely pleased with you.
You were not hungry.

You visited 1 branch You collected 600 gold pieces.
You spent 585 gold pieces at shops.

Inventory:

Hand Weapons
 a - a +0 flail (weapon)
Armour
 b - a +0 scale mail (worn)
 c - a +0 shield (worn)
Jewellery
 t - the ring of Suspicion (right hand) {rC+ Dex+5}
   (You bought it in a shop in the Dungeon)

   [ring of dexterity]

   It affects your dexterity (+5).
   It protects you from cold.
 u - the amulet of Azase (around neck) {rCorr *Contam Dex+3 SInv}
   (You bought it in a shop in the Dungeon)

   [amulet of resist corrosion]

   It protects you from acid and corrosion.
   It affects your dexterity (+3).
   It lets you see invisible.
   It causes magical contamination when unequipped.
 w - the ring "Wiejikh" (left hand) {rF++ Str-2 Int+2 Slay+5 Stlth-}
   (You bought it in a shop in the Dungeon)

   [ring of loudness]

   It affects your strength (-2).
   It affects your intelligence (+2).
   It affects your accuracy and damage with ranged weapons and melee attacks
   (+5).
   It greatly protects you from fire.
   It makes you less stealthy.
Wands
 l - a wand of cold (4)
 m - a wand of fire (5)
Scrolls
 k - 4 scrolls of blinking
 n - 3 scrolls of fog
Potions
 d - a potion of might
 f - a potion of curing
 g - 4 potions of heal wounds
 h - 4 potions of haste
 i - 2 potions of magic
 j - a potion of berserk rage
 o - a potion of resistance
Comestibles
 e - a bread ration
 p - 3 chunks of flesh


   Skills:
 + Level 12.7 Fighting
 - Level 16.7 Maces & Flails
 - Level 3.7 Armour
 - Level 4.1 Shields


You had 7 spell levels left.
You didn't know any spells.

Dungeon Overview and Level Annotations

Branches:
Dungeon (1/1)

Altars:
Cheibriados
Dithmenos
Fedhas
Gozag
Kikubaaqudgha
Makhleb
Okawaru
Qazlal
Ru
Sif Muna
Trog
Vehumet
Xom
Yredelemnul
Zin
The Shining One
Jiyva
Lugonu

Shops:
D *[%??*?*:[((!!!!

Annotations:
D Lernaean hydra


Innate Abilities, Weirdness & Mutations

You reflexively headbutt those who attack you in melee.
You have a pair of horns on your head.
You are frail (-10% HP).


Message History

Okay, then.
Drink which item? (? for menu, Esc to quit)
Okay, then.
The 27-headed Lernaean hydra barely misses you.
The 27-headed Lernaean hydra bites you.
The 27-headed Lernaean hydra bites you but does no damage.
The 27-headed Lernaean hydra completely misses you.
The 27-headed Lernaean hydra bites you!
You block the 27-headed Lernaean hydra's attack.
The 27-headed Lernaean hydra bites you!
You block the 27-headed Lernaean hydra's attack.
The 27-headed Lernaean hydra bites you.
The 27-headed Lernaean hydra bites you but does no damage.
You block the 27-headed Lernaean hydra's attack.
The 27-headed Lernaean hydra bites you!
* * * LOW HITPOINT WARNING * * *
The 27-headed Lernaean hydra bites you!
* * * LOW HITPOINT WARNING * * *
The 27-headed Lernaean hydra bites you!
You die...

#∩.......∩# #........_#
#_......._# #........_#
###.........###
#⌠...........⌠#
######.8.........8.#
##∩___......###.....(
###∩.D@.....8.# #.8....
##.....4.......###......
#⌠..........###...###...
#§..........# #.<)# #...
#⌠..........###(.(###...
##.........)÷..###[.....
###∩........8.# #.8....
##∩__.......###......
######.8.........8.#


You could see the 27-headed Lernaean hydra and a friendly hellwing.

Vanquished Creatures
  A kobold demonologist (D)
  4 steam dragons (D)
  2 insubstantial wisps (D)
  A sky beast (D)
  2 big kobolds (D)
  An adder (D)
  5 oozes (D)
  An orc (D)
  A hobgoblin (D)
  A jackal (D)
  3 kobolds (D)
  A rat (D)
23 creatures vanquished.

Notes
Turn   | Place    | Note
--------------------------------------------------------------
     0 | D        | Ordine the Minotaur Fighter began the quest for the Orb.
     0 | D        | Reached XP level 1. HP: 19/19 MP: 0/0
     1 | D        | Found a glowing golden altar of the Shining One.
     2 | D        | Found a sacrificial altar of Ru.
     2 | D        | Found a burning altar of Makhleb.
     3 | D        | Found an opulent altar of Gozag.
     3 | D        | Found a shadowy altar of Dithmenos.
     4 | D        | Found Oruhy's Identification Station.
     4 | D        | Found an iron altar of Okawaru.
     4 | D        | Found a glowing silver altar of Zin.
     4 | D        | Found Toatueb's Bee Food.
     5 | D        | Found an ancient bone altar of Kikubaaqudgha.
     5 | D        | Round 1.
     6 | D        | Found Koitzex's Premium Goods.
     7 | D        | Found Gecerhar's Miscellaneous Merchandise.
     7 | D        | Found Atou's Basic Armour.
    12 | D        | Became a worshipper of Makhleb the Destroyer
    15 | D        | Found Netoshyts's Weapon Rack.
    15 | D        | Found a viscous altar of Jiyva.
    15 | D        | Found a basalt altar of Yredelemnul.
    24 | D        | Found a snail-covered altar of Cheibriados.
    31 | D        | Found Uwere's Advanced Armour.
    31 | D        | Found Qeuxtafa's Jewellery.
    45 | D        | Bought a clouded iron amulet for 45 gold pieces
    45 | D        | Bought a glittering ivory amulet for 45 gold pieces
    45 | D        | Bought a coiled zirconium amulet for 45 gold pieces
    45 | D        | Bought a steaming bronze ring for 45 gold pieces
    45 | D        | Identified the amulet of Laxzaephilu {+Rage rElec MR+ Int-3} (You bought it in a shop in the Dungeon)
    47 | D        | Identified the amulet "Noroel" {Inacc rElec rN++ Str-5 Dex+2} (You bought it in a shop in the Dungeon)
    49 | D        | Identified the amulet "Cuck" {Stasis Dex+2} (You bought it in a shop in the Dungeon)
    50 | D        | Identified the ring "Geatowku" {rF+++ rC- AC+1 Dex+10} (You bought it in a shop in the Dungeon)
    59 | D        | Found a stormy altar of Qazlal.
    61 | D        | Found Duh Ahim's Magic Scroll Shop.
    62 | D        | Found Kuxynuz's Magic Scroll Shop.
    62 | D        | Found Kavepn's Must-Have Magic.
    63 | D        | Found a radiant altar of Vehumet.
    63 | D        | Found a deep blue altar of Sif Muna.
    63 | D        | Found a blossoming altar of Fedhas.
    63 | D        | Found Ceshex's Staff Store.
    65 | D        | Reached skill level 4 in Shields
    81 | D        | Found a shimmering altar of Xom.
    83 | D        | Found Plog's Distillery.
    83 | D        | Found Puajaps's Distillery.
    84 | D        | Found Kabbypi's Bottled Wisdom.
    85 | D        | Found a corrupted altar of Lugonu.
    85 | D        | Found a bloodstained altar of Trog.
    85 | D        | Found Joula's Do-It-Yourself Clinic.
    88 | D        | Reached * piety under Makhleb
   181 | D        | Reached skill level 5 in Maces & Flails
   181 | D        | Reached XP level 2. HP: 21/27 MP: 1/1
   182 | D        | Reached ** piety under Makhleb
   182 | D        | Arena points: 12 (+12) [x2]
   212 | D        | Round 2.
   244 | D        | Reached skill level 6 in Maces & Flails
   288 | D        | Reached *** piety under Makhleb
   288 | D        | Reached skill level 7 in Maces & Flails
   288 | D        | Reached XP level 3. HP: 33/33 MP: 2/2
   317 | D        | Arena points: 48 (+36) [x3]
   337 | D        | Bought a flickering graven amulet for 45 gold pieces
   337 | D        | Bought a slimy copper ring for 45 gold pieces
   337 | D        | Identified the ring of Suspicion {rC+ Dex+5} (You bought it in a shop in the Dungeon)
   339 | D        | Identified the amulet "Aqimeone" {rPois Regen+} (You bought it in a shop in the Dungeon)
   371 | D        | Round 3.
   373 | D        | Noticed a kobold demonologist
   385 | D        | Noticed a big kobold
   389 | D        | Noticed a blue devil
   392 | D        | Noticed a big kobold
   392 | D        | Killed a kobold demonologist
   392 | D        | Reached **** piety under Makhleb
   392 | D        | Reached skill level 14 in Maces & Flails
   392 | D        | Reached XP level 4. HP: 33/40 MP: 3/3
   392 | D        | Reached XP level 5. HP: 37/46 MP: 4/4
   392 | D        | Reached XP level 6. HP: 41/52 MP: 5/5
   397 | D        | Killed a big kobold
   397 | D        | Reached skill level 15 in Maces & Flails
   403 | D        | Killed a big kobold
   408 | D        | Reached ***** piety under Makhleb
   410 | D        | Arena points: 132 (+84) [x4]
   428 | D        | Bought a flickering jade ring for 45 gold pieces
   428 | D        | Bought a scintillating graven amulet for 45 gold pieces
   429 | D        | Identified the ring of Jazal {+Blink rN+ Stlth+} (You bought it in a shop in the Dungeon)
   433 | D        | Identified the amulet of Azase {rCorr *Contam Dex+3 SInv} (You bought it in a shop in the Dungeon)
   444 | D        | Round 4.
   476 | D        | Noticed a steam dragon
   487 | D        | Killed a steam dragon
   487 | D        | Reached skill level 16 in Maces & Flails
   487 | D        | Reached XP level 7. HP: 43/58 MP: 6/6
   509 | D        | Noticed a steam dragon
   516 | D        | Killed a steam dragon
   546 | D        | Reached skill level 10 in Fighting
   559 | D        | Reached XP level 8. HP: 56/82 MP: 7/7
   567 | D        | Arena points: 292 (+160) [x5]
   589 | D        | Bought a heavily runed granite ring for 45 gold pieces
   589 | D        | Bought a flickering graven amulet for 45 gold pieces
   589 | D        | Bought a fine pewter ring for 45 gold pieces
   589 | D        | Bought a sparkling jade ring for 45 gold pieces
   589 | D        | Bought a warped turquoise ring for 45 gold pieces
   590 | D        | Lost intelligence.
   590 | D        | Identified the ring "Jecamm" {Fire rPois rN+++ MR- Int-5} (You bought it in a shop in the Dungeon)
   594 | D        | Identified the ring of Perudwyko {rPois rF+} (You bought it in a shop in the Dungeon)
   596 | D        | Identified the ring "Wiejikh" {rF++ Str-2 Int+2 Slay+5 Stlth-} (You bought it in a shop in the Dungeon)
   598 | D        | Identified the ring of Kockopod {Wiz Int+7 Dex-4} (You bought it in a shop in the Dungeon)
   600 | D        | Identified the amulet "Ydatoz" {Inacc rF+ rN+++ Int-4 Stlth-} (You bought it in a shop in the Dungeon)
   615 | D        | Gained mutation: You are frail (-10% HP). [mutagenic glow]
   636 | D        | Round 5.
   636 | D        | Noticed the 27-headed Lernaean hydra
   643 | D        | Mangled by the 27-headed Lernaean hydra

Vault maps used:
D:        arena_sprint

Action                   |  1- 3 |  4- 6 |  7- 9 || total
-------------------------+-------+-------+-------++-------
Melee: Flail             |    31 |    21 |    31 ||    83
Invok: Lesser Servant of |       |       |     1 ||     1
Evoke: Wand              |       |       |     1 ||     1
